 Dungeon Crawl Stone Soup version 0.26.1-11-gd32895ea62 (webtiles) character file.

Game seed: 8390394507464345129

447053 Tirrikindir the Warrior (level 24, -4/182 HPs)
             Began as an Octopode Fighter on June 4, 2021.
             Was an Initiate of Gozag.
             Slain by a titan (45 damage)
             ... on level 3 of the Depths.
             The game lasted 02:59:32 (59229 turns).

Tirrikindir the Warrior (Octopode Fighter)         Turns: 59229, Time: 02:59:32

Health: -4/182     AC: 12    Str: 40    XL:     24   Next: 22%
Magic:  36/36      EV: 28    Int: 39    God:    Gozag
Gold:   3582       SH: 22    Dex: 21    Spells: 15/42 levels left

rFire    + + +     SeeInvis +   O - +9 demon blade (drain)
rCold    . . .     Faith    .   b - +4 kite shield
rNeg     + . .     Spirit   .   g - +2 hat {Int+3}
rPois    +         Reflect  .   J - amulet "Igaloc" {Will+ Regen+ Str+6}
rElec    .         Harm     .   G - ring of the Octopus King {AC+1 EV+1 Str+1 Int+1 Dex+1 Stlth+}
rCorr    .         Rampage  .   q - ring of Xociolom {rPois Str+7 Int+6}
Will     +++++                  T - ring of the Equinox {+Blink Str+6 SInv}
Stlth    +++++++...             U - ring of Wisdom {+Fly rN+ Int+5}
HPRegen  0.80/turn              V - ring of Aghiwois {AC+4 Dex+4}
MPRegen  0.25/turn              H - ring of the Mage {Wiz Will++ Int+3}
                                m - ring "Xugri" {+Inv +Fly rF++ Int+3}
                                c - ring "Koged" {rF+ Will+ Int+6}

@: about to teleport, gold aura, studying Evocations
A: almost no armour, stealthy swim, amphibious, 8 rings, constrict 8, iridescent
scales 1, thin metallic scales 1, camouflage 1, blink, screaming 1, gelatinous
body 1
}: 2/15 runes: decaying, serpentine
a: Blink, Renounce Religion, Evoke Blink, Evoke Invisibility, Evoke Flight,
Potion Petition, Call Merchant, Bribe Branch


You were on level 3 of the Depths.
You worshipped Gozag.
Gozag was most pleased with you.
You visited 9 branches of the dungeon, and saw 41 of its levels.
You also visited: Ossuary and Ice Cave.

You collected 24930 gold pieces.
You spent 8184 gold pieces at shops.
You paid 13164 gold pieces to Gozag.

Inventory:

Hand Weapons
 j - a +2 long sword of flaming
 O - a +9 demon blade of draining (weapon)
Missiles
 r - 120 poisoned darts (quivered)
Armour
 b - a +4 kite shield (worn)
 g - a +2 hat of intelligence (worn)
Jewellery
 c - the ring "Koged" (on tentacle) {rF+ Will+ Int+6}
   (You bought it in a shop on level 11 of the Dungeon)

   [ring of intelligence]

   It affects your intelligence (+6).
   It protects you from fire.
   It affects your willpower, your defense against some magical effects.
 m - the ring "Xugri" (on tentacle) {+Inv +Fly rF++ Int+3}
   (You found it on level 2 of the Elven Halls)

   [ring of flight]

   It affects your intelligence (+3).
   It greatly protects you from fire.
   It lets you turn invisible.
   It lets you fly.
 q - the ring of Xociolom (right tentacle) {rPois Str+7 Int+6}
   (You bought it in a shop on level 11 of the Dungeon)

   [ring of intelligence]

   It affects your strength (+7).
   It affects your intelligence (+6).
   It protects you from poison.
 G - a ring of the Octopus King (left tentacle) {AC+1 EV+1 Str+1 Int+1 Dex+1 Stlth+}
   (You bought it in a shop on level 2 of the Snake Pit)

   [ring of stealth]

   It affects your AC (+1).
   It affects your evasion (+1).
   It affects your strength (+1).
   It affects your intelligence (+1).
   It affects your dexterity (+1).
   It makes you more stealthy.
 H - the ring of the Mage (on tentacle) {Wiz Will++ Int+3}
   (You found it on level 1 of the Lair of Beasts)

   [ring of wizardry]

   It improves your spell success rate.
   It affects your intelligence (+3).
   It affects your willpower, your defense against some magical effects.
 J - the amulet "Igaloc" (around mantle) {Will+ Regen+ Str+6}
   (You found it on level 2 of the Swamp)

   [amulet of regeneration]

   It affects your strength (+6).
   It affects your willpower, your defense against some magical effects.
   It increases your rate of regeneration.
 T - the ring of the Equinox (on tentacle) {+Blink Str+6 SInv}
   (You found it on level 13 of the Dungeon)

   [ring of strength]

   It affects your strength (+6).
   It lets you see invisible.
   It lets you blink.
 U - the ring of Wisdom (on tentacle) {+Fly rN+ Int+5}
   (You took it off a centaur warrior on level 13 of the Dungeon)

   [ring of flight]

   It affects your intelligence (+5).
   It protects you from negative energy.
   It lets you fly.
 V - the ring of Aghiwois (on tentacle) {AC+4 Dex+4}
   (You took it off a centaur warrior on level 13 of the Dungeon)

   [ring of protection]

   It affects your AC (+4).
   It affects your dexterity (+4).
Wands
 a - a wand of acid (26)
 x - a wand of disintegration (34)
 z - a wand of paralysis (37)
 K - a wand of flame (15)
 N - a wand of digging (7)
 R - a wand of iceblast (39)
 Y - a wand of enslavement (48)
Scrolls
 i - 5 scrolls of fear
 k - 21 scrolls of teleportation
 l - 14 scrolls of remove curse
 u - 2 scrolls of immolation
 v - 11 scrolls of identify
 y - 4 scrolls of blinking
 B - 2 scrolls of enchant weapon
 Q - 5 scrolls of magic mapping
 X - 9 scrolls of fog
Potions
 d - 12 potions of flight
 e - 19 potions of curing
 h - 3 potions of berserk rage
 n - 4 potions of brilliance
 o - 8 potions of cancellation
 p - 8 potions of ambrosia
 t - 5 potions of magic
 w - 7 potions of heal wounds
 C - 4 potions of haste
 D - 6 potions of invisibility
 F - 2 potions of resistance
 I - a potion of mutation
 P - 6 potions of might
Books
 A - a manual of Evocations
Miscellaneous
 f - a phial of floods
 E - a phantom mirror
 M - a condenser vane


   Skills:
 * Level 19.8 Fighting
 + Level 17.9 Long Blades
 - Level 2.0 Throwing
 - Level 15.0 Dodging
 - Level 12.0 Stealth
 - Level 17.3 Shields
 + Level 9.5 Spellcasting
 - Level 5.0 Conjurations
 - Level 15.0 Hexes
 - Level 5.0 Fire Magic
 - Level 5.0 Ice Magic
 - Level 4.0 Earth Magic
 + Level 15.9 Evocations


You had 15 spell levels left.
You knew the following spells:

 Your Spells              Type           Power        Failure   Level
a - Cause Fear            Hex            47%          1%          4
b - Dazzling Flash        Conj/Hex       100%         1%          3
c - Leda's Liquefaction   Hex/Erth       37%          1%          4
d - Metabolic Englaciati  Hex/Ice        38%          1%          5
e - Inner Flame           Hex/Fire       77%          1%          3
f - Discord               Hex            47%          12%         8

Your spell library contained the following spells:

 Spells                   Type           Power        Failure   Level
 Corona                   Hex            100%         0%          1
 Slow                     Hex            94%          0%          2
 Confusing Touch          Hex            94%          0%          3
 Tukima's Dance           Hex            94%          0%          3
 Animate Skeleton         Necr           36%          1%          1
 Apportation              Tloc           36%          1%          1
 Foxfire                  Conj/Fire      100%         1%          1
 Freeze                   Ice            100%         1%          1
 Magic Dart               Conj           100%         1%          1
 Summon Small Mammal      Summ           72%          1%          1
 Blink                    Tloc           N/A          1%          2
 Call Imp                 Summ           18%          1%          2
 Corpse Rot               Necr/Air       N/A          1%          2
 Ensorcelled Hibernation  Hex/Ice        100%         1%          2
 Searing Ray              Conj           100%         1%          2
 Sublimation of Blood     Necr           9%           1%          2
 Conjure Flame            Conj/Fire      55%          1%          3
 Frozen Ramparts          Ice            100%         1%          3
 Ignite Poison            Fire/Tmut/Pois 31%          1%          3
 Mephitic Cloud           Conj/Pois/Air  31%          1%          3
 Ozocubu's Armour         Ice            55%          1%          3
 Portal Projectile        Hex/Tloc       100%         1%          3
 Static Discharge         Conj/Air       38%          1%          3
 Stone Arrow              Conj/Erth      100%         1%          3
 Summon Guardian Golem    Hex/Summ       67%          1%          3
 Fulminant Prism          Conj/Hex       38%          1%          4
 Hailstorm                Conj/Ice       55%          1%          4
 Sticky Flame             Conj/Fire      55%          1%          4
 Silence                  Hex/Air        33%          1%          5
 Summon Mana Viper        Hex/Summ       67%          1%          5
 Yara's Violent Unravell  Hex/Tmut       33%          1%          5
 Call Canine Familiar     Summ           18%          2%          3
 Gell's Gravitas          Tloc           9%           2%          3
 Vampiric Draining        Necr           9%           2%          3
 Ice Form                 Ice/Tmut       38%          2%          4
 Iskenderun's Mystic Bla  Conj/Tloc      38%          2%          4
 Summon Ice Beast         Ice/Summ       38%          2%          4
 Fireball                 Conj/Fire      27%          2%          5
 Petrify                  Tmut/Erth      34%          3%          4
 Animate Dead             Necr           9%           9%          4
 Dispel Undead            Necr           18%          9%          4
 Summon Lightning Spire   Summ/Air       18%          9%          4
 Irradiate                Conj/Tmut      19%          9%          5
 Lightning Bolt           Conj/Air       19%          9%          5
 Borgnjor's Vile Clutch   Necr/Erth      17%          10%         5
 Ozocubu's Refrigeration  Ice            27%          16%         6
 Starburst                Conj/Fire      27%          16%         6
 Agony                    Necr           18%          22%         5
 Excruciating Wounds      Necr           9%           22%         5
 Summon Demon             Summ           9%           22%         5
 Summon Forest            Summ/Tloc      9%           22%         5
 Freezing Cloud           Conj/Ice/Air   22%          30%         6
 Conjure Ball Lightning   Conj/Air       19%          38%         6
 Simulacrum               Ice/Necr       19%          38%         6
 Statue Form              Tmut/Erth      22%          45%         6
 Death Channel            Necr           9%           73%         6
 Eringya's Noxious Bog    Tmut/Pois      9%           73%         6
 Hydra Form               Tmut           9%           73%         6
 Shadow Creatures         Summ           N/A          73%         6
 Dragon Form              Tmut           9%           99%         7
 Summon Hydra             Summ           9%           99%         7
 Ignition                 Fire           27%          99%         8
 Shatter                  Erth           24%          100%        9
 Tornado                  Air            9%           100%        9


Dungeon Overview and Level Annotations

Branches:
Dungeon (15/15)            Temple (1/1) D:4            Lair (6/6) D:11
  Swamp (4/4) Lair:3        Snake (4/4) Lair:2        Slime (0/5) Lair:5
    Orc (2/2) D:12            Elf (2/3) Orc:2        Vaults (4/5) D:14
  Crypt (0/3) Vaults:2     Depths (3/5) D:15        Ossuary (visited)
  IceCv (visited)

Altars:
Ashenzari
Cheibriados
Dithmenos
Elyvilon
Fedhas
Gozag
Hepliaklqana
Kikubaaqudgha
Makhleb
Nemelex Xobeh
Okawaru
Qazlal
Ru
Sif Muna
Trog
Uskayaw
Vehumet
Wu Jian
Xom
Yredelemnul
Zin
The Shining One
Beogh
Jiyva

Shops:
D:5 }   D:6 :   D:9 (   D:11 =!==:!(**   D:12 :   Orc:2 ([}*   Elf:1 :
Snake:1 [}(   Snake:2 =}=

Portals:
Hell: Depths:1 Depths:2 Depths:3
Abyss: Depths:1 Depths:2
Pandemonium: Depths:3
Ziggurat: Depths:1

Annotations:
Depths:1 3 runed translucent doors, Dameikh's ghost, veteran FoFi
Depths:3 1 runed translucent door


Innate Abilities, Weirdness & Mutations

You cannot wear most types of armour.
You are very stealthy in the water. (Stealth+)
You are amphibious.
You can wear up to eight rings at the same time.
You can use your tentacles to constrict eight enemies at once.
Your skin changes colour to match your surroundings (Stealth+).
Your rubbery body absorbs attacks. (AC +1, EV +1)
You are partially covered in iridescent scales. (AC +2)
You are partially covered in thin metallic scales. (AC +2)
You can translocate small distances at will.
You occasionally shout uncontrollably at your foes.


Message History

* * * LOW HITPOINT WARNING * * *
The storm dragon completely misses you. The earth elemental closely misses you.
The storm dragon breathes lightning at you.
The bolt of lightning misses you.
There is a stone staircase leading up here.
The deep elf elementalist gestures at the tengu warrior while chanting.
Some walls begin to move on their own!
You block the storm dragon's attack. x2
The storm dragon tramples you!
* * * LOW HITPOINT WARNING * * *
You stumble backwards!
You stop ascending the stairs.
You hear a shout!
You hear a screech!
You hear a shout!
Unknown command.
As you read the scroll of teleportation, it crumbles to dust.
You feel strangely unstable. You block the storm dragon's attack. x4
The storm dragon completely misses you. The storm dragon misses you.
You slice the storm dragon!!
You kill the storm dragon!
The titan hits you!!!
You die...
Your body crumbles into a pile of gold.

...... ..................
...... #####+##+#............
...### #.....................
...# #.....................
...#
#####.....................
...#
##.#.......................
#..........................
####E...QC.................
#.E$#.e.E<@................
#?C$.#E...E.................
#Qe..#......(...............
#..E?###E....................
.c+C##
#....................). .JQ.#
#...................... !*..
#...................... ...
#......................
#......................


You could see a titan, a deep elf elementalist (fast, repels missiles), a tengu
warrior and 5 earth elementals.

Vanquished Creatures
  2 ancient liches
  Vashnia (Snake:4)
  2 golden dragons
  Nikola (Snake:1)
  Rupert (Lair:5)
  Jorgrun (Elf:2)
  A titan (Vaults:1)
  The ghost of MyelinatedAxon the Unseen, an adept DsBr of Dithmenos (Vaults:3)
  2 quicksilver dragons (Depths:2)
  A deep elf blademaster (Elf:2)
  7 liches
  2 sphinxes
  2 acid blobs (Lair:5)
  An ancient champion (Vaults:2)
  Gastronok (D:9)
  Kirke (Snake:2)
  A shadow dragon (Elf:1)
  3 storm dragons
  8 nagarajas
  3 tengu reavers
  A revenant (Vaults:2)
  4 fire giants
  Aizul (Snake:1)
  An orc warlord (Orc:1)
  2 deep elf sorcerers (Vaults:1)
  10 vault wardens
  A ghoul (Vaults:2)
  A frost giant (Depths:1)
  An angel (Depths:1)
  An iron dragon (Depths:2)
  15 ironheart preservers
  2 spriggan defenders (Depths:2)
  9 very ugly things
  11 stone giants
  A vampire knight (Vaults:2)
  4 entropy weavers
  Nessos (Lair:5)
  4 deep elf demonologists
  A deep elf annihilator (Vaults:3)
  2 spark wasps
  2 deep elf death magi
  11 fire dragons
  Snorg (D:13)
  6 eleionomae
  5 ettins
  3 great orbs of eyes
  2 deep elf high priests
  5 yaktaur captains
  2 rakshasas
  4 boulder beetles
  2 shambling mangroves (Swamp:4)
  2 spriggan air magi
  Harold (Lair:1)
  26 hydras
  3 vault guards
  24 naga warriors
  A caustic shrike simulacrum (Depths:2)
  13 ice dragons
  2 ghost crabs
  4 catoblepae (Lair:6)
  47 two-headed ogres
  8 alligators
  7 centaur warriors
  10 anacondas
  19 ogre magi
  12 death yaks (Lair:6)
  6 tengu warriors
  2 deep troll shamans
  Urug (Lair:5)
  14 naga sharpshooters
  8 deep troll earth magi
  6 shock serpents
  27 deep elf knights
  4 spriggan berserkers
  An iron troll (Depths:2)
  A shadow wraith (Vaults:3)
  6 salamander mystics
  4 skeletal warriors
  3 goliath frogs
  6 spriggan druids
  5 unseen horrors
  4 sea snakes (Snake:3)
  9 naga ritualists
  An orange crystal statue (Vaults:3)
  15 orc knights
  2 bog bodies (Swamp:1)
  15 swamp dragons
  20 deep trolls
  A wolf spider zombie (D:15)
  16 deep elf archers
  8 mana vipers
  A shadow dragon zombie (Depths:2)
  9 ironbrand convokers
  4 necromancers
  9 wizards
  49 deep elf magi
  3 wolf spiders
  4 orc sorcerers
  4 cyclopes
  A fire giant zombie (Depths:2)
  A frost giant zombie (Vaults:3)
  A manticore (shapeshifter) (Depths:2)
  13 salamanders
  An oklob plant (Swamp:2)
  51 ugly things
  A fire giant skeleton (Vaults:3)
  5 manticores
  2 black mambas (shapeshifter)
  2 will-o-the-wisps (Swamp:3)
  Joseph (D:10)
  13 vault sentinels
  45 black mambas
  2 ice statues (IceCv)
  10 guardian serpents
  15 naga magi
  A cane toad (shapeshifter) (Vaults:4)
  A smoke demon (Depths:1)
  6 elephants
  A gargoyle (D:10)
  14 cane toads
  5 spectral swamp worms (Depths:2)
  A komodo dragon (shapeshifter) (Vaults:4)
  10 komodo dragons
  3 freezing wraiths
  44 yaktaurs
  3 rime drakes
  2 tengu conjurers
  A hellwing (Depths:1)
  A queen bee (Lair:2)
  2 jumping spiders
  7 trolls
  A polar bear (Lair:3)
  16 hornets
  A hornet (shapeshifter) (Depths:2)
  7 tyrant leeches
  A spriggan zombie (Depths:2)
  13 blink frogs
  44 slime creatures
  A raiju (shapeshifter) (D:13)
  A fire giant simulacrum (Vaults:3)
  5 air elementals
  4 water elementals
  6 redbacks
  57 yaks
  11 spriggans
  A tarantella (Vaults:3)
  A wraith (D:11)
  2 humans (Snake:2)
  2 vampires
  2 wyverns
  2 fire bats (Depths:1)
  4 basilisks
  6 fire elementals
  5 hogs (Snake:2)
  A human (shapeshifter) (Vaults:2)
  Menkaure (D:4)
  A swamp worm (shapeshifter) (Depths:3)
  11 swamp worms
  63 nagas
  2 acid dragons
  6 wargs
  15 water moccasins
  2 hell hounds (Depths:1)
  9 swamp drakes
  3 phantoms
  13 ice beasts
  34 orc warriors
  5 sky beasts
  A black bear (Lair:3)
  3 necrophages (D:9)
  2 eyes of draining (D:12)
  63 ogres
  17 centaurs
  20 wolves
  A centaur (shapeshifter) (Vaults:2)
  7 boggarts
  2 big kobolds
  A wyvern zombie (D:9)
  A human zombie (Vaults:3)
  17 bullfrogs
  2 earth elementals (Elf:1)
  2 glowing shapeshifter simulacra
  2 wyvern skeletons
  5 scorpions
  31 killer bees
  7 wights
  2 howler monkeys
  2 electric eels (Lair:5)
  7 jellies
  3 centaur zombies
  9 hounds
  31 orc wizards
  A quasit (D:12)
  27 orc priests
  Crazy Yiuf (D:5)
  3 bullfrog skeletons
  3 centaur skeletons
  An iron imp (D:7)
  Terence (D:2)
  15 worker ants
  5 iguanas
  2 hound zombies (D:10)
  A hound skeleton (D:5)
  8 mummies (Ossuary)
  3 worker ant zombies
  17 adders
  3 shadow imps
  2 white imps
  2 ufetubi
  An ooze (D:3)
  2 adder zombies
  An adder skeleton (D:6)
  5 worms
  3 dart slugs (D:1)
  2 leopard geckos
  144 orcs
  3 ball pythons (Snake:1)
  5 giant cockroaches
  6 hobgoblins
  11 jackals
  15 kobolds
  6 quokkas
  10 bats
  5 frilled lizards
  2 gnoll zombies (Ossuary)
  4 goblins
  3 kobold zombies (Ossuary)
  3 orc zombies (Ossuary)
  A quokka skeleton (D:6)
  7 rats
1802 creatures vanquished.

Vanquished Creatures (collateral kills)
  A bullfrog (D:6)
1 creature vanquished.

Vanquished Creatures (others)
  A fire giant (Depths:3)
  3 very ugly things (Depths:1)
  An ice dragon (Depths:1)
  25 dancing weapons
  A tengu warrior (Depths:3)
  A deep elf knight (Elf:2)
  An orb spider (shapeshifter) (Depths:2)
  An ugly thing (IceCv)
  A naga mage (Snake:3)
  A yaktaur (Depths:2)
  3 bloated husks
  2 hornets
  2 spriggans
  A water elemental (Depths:2)
  An orc warrior (Vaults:2)
  2 orc wizards (Elf:1)
  8 orcs (Elf:1)
  4 foxfires (Swamp:3)
  24 fungi
  62 plants
145 creatures vanquished.

Grand Total: 1948 creatures vanquished

Notes
Turn   | Place    | Note
-------+----------+-------------------------------------------
     0 | D:1      | Tirrikindir the Octopode Fighter began the quest for the
                  | Orb.
     0 | D:1      | Reached XP level 1. HP: 16/16 MP: 1/1
   100 | D:1      | Reached XP level 2. HP: 14/21 MP: 2/2
   214 | D:1      | Reached skill level 1 in Stealth
   577 | D:1      | Reached XP level 3. HP: 21/26 MP: 3/3
  1137 | D:2      | Noticed Terence
  1145 | D:2      | Killed Terence
  1146 | D:2      | Reached XP level 4. HP: 15/31 MP: 4/4
  1666 | D:2      | Found a glowing silver altar of Zin.
  1666 | D:2      | Found an opulent altar of Gozag.
  1668 | D:2      | Found a white marble altar of Elyvilon.
  1705 | D:2      | Found a stormy altar of Qazlal.
  1706 | D:2      | Found a blossoming altar of Fedhas.
  2359 | D:3      | Found a broken altar of Ashenzari.
  2377 | D:2      | Became a worshipper of Gozag Ym Sagoz the Greedy
  3001 | D:3      | Found a shimmering blue altar of Sif Muna.
  3087 | D:4      | Reached XP level 5. HP: 31/36 MP: 5/5
  3227 | D:4      | Reached XP level 6. HP: 38/43 MP: 6/6
  3274 | D:4      | Noticed Menkaure
  3283 | D:4      | Killed Menkaure
  3339 | D:4      | Found a sand-covered staircase.
  3344 | Ossuary  | Entered an ossuary
  3392 | Ossuary  | Reached skill level 4 in Fighting
  3489 | Ossuary  | Reached XP level 7. HP: 36/48 MP: 7/7
  3706 | Ossuary  | Reached skill level 5 in Long Blades
  4012 | D:4      | Found a faded altar of an unknown god.
  4014 | D:4      | Found a staircase to the Ecumenical Temple.
  4027 | Temple   | Entered the Ecumenical Temple
  4375 | D:5      | Entered Level 5 of the Dungeon
  4938 | D:5      | Found a shadowy altar of Dithmenos.
  4961 | D:5      | Found Keetikh's Gadget Shoppe.
  5001 | D:5      | Reached XP level 8. HP: 36/54 MP: 8/8
  5217 | D:5      | Found a shimmering altar of Xom.
  5253 | D:5      | Found a runed translucent door.
  5254 | D:5      | Noticed Crazy Yiuf
  5263 | D:5      | Killed Crazy Yiuf
  5873 | D:6      | Reached skill level 1 in Throwing
  6399 | D:6      | Gained mutation: You are partially covered in iridescent
                  | scales. (AC +2) [potion of mutation]
  6399 | D:6      | Gained mutation: You occasionally shout uncontrollably at
                  | your foes. [potion of mutation]
  6399 | D:6      | Gained mutation: You are partially covered in thin metallic
                  | scales. (AC +2) [potion of mutation]
  6399 | D:6      | Gained mutation: You can translocate small distances at
                  | will. [potion of mutation]
  6770 | D:7      | Reached XP level 9. HP: 16/59 MP: 9/9
  7039 | D:7      | Found an opulent altar of Gozag.
  7170 | D:7      | Reached skill level 5 in Dodging
  7170 | D:7      | Reached skill level 5 in Stealth
  7170 | D:7      | Reached skill level 5 in Shields
  7189 | D:7      | Found an iron altar of Okawaru.
  7572 | D:7      | Found a snail-covered altar of Cheibriados.
  7911 | D:8      | Reached skill level 5 in Fighting
  8228 | D:8      | Found a sparkling altar of Nemelex Xobeh.
  8779 | D:9      | Found a transporter.
  8842 | D:9      | Reached XP level 10. HP: 57/66 MP: 10/10
  9183 | D:9      | Noticed a cyclops
  9199 | D:9      | Killed a cyclops
  9351 | D:9      | Noticed an unseen horror
  9545 | D:9      | Reached skill level 1 in Evocations
  9789 | D:9      | Found a transporter.
  9828 | D:9      | Noticed Gastronok
  9852 | D:9      | Killed Gastronok
  9853 | D:9      | Reached skill level 6 in Fighting
  9856 | D:9      | Found a roughly hewn altar of Beogh.
 10700 | D:9      | Noticed a two-headed ogre
 10869 | D:9      | Bought a translucent dagger for 210 gold pieces
 10875 | D:9      | Identified the +4 dagger of Qeseph {flame, *Slow +Rage
                  | rC+++ Int+6} (You bought it in a shop on level 9 of the
                  | Dungeon)
 10882 | D:10     | Entered Level 10 of the Dungeon
 10898 | D:10     | Reached XP level 11. HP: 72/72 MP: 11/11
 11042 | D:10     | Noticed an unseen horror
 11061 | D:10     | Killed an unseen horror
 11325 | D:10     | Noticed Joseph
 11336 | D:10     | Killed Joseph
 11378 | D:10     | Noticed a manticore
 11388 | D:10     | Killed a manticore
 12622 | D:11     | Found Kykazaenn's Serpentskin Sales.
 12713 | D:11     | Found a staircase to the Lair.
 12724 | D:11     | Noticed an unseen horror
 12741 | D:11     | Killed an unseen horror
 13786 | D:12     | Found Desmim's Book Shop.
 13791 | D:12     | Noticed a tengu warrior
 13791 | D:12     | Noticed a tengu warrior
 13801 | D:12     | Killed a tengu warrior
 13802 | D:12     | Reached skill level 7 in Fighting
 13806 | D:12     | Killed a tengu warrior
 13957 | D:12     | You fall into a shaft and drop 2 floors!
 14198 | D:12     | Noticed a seven-headed hydra
 14207 | D:12     | Killed a seven-headed hydra
 14208 | D:12     | Reached skill level 10 in Long Blades
 14208 | D:12     | Reached XP level 12. HP: 52/81 MP: 12/12
 14453 | D:12     | Found a roughly hewn altar of Beogh.
 14453 | D:12     | Found a staircase to the Orcish Mines.
 14482 | D:12     | Reached skill level 5 in Evocations
 15492 | D:12     | Reached skill level 10 in Dodging
 15492 | D:12     | Reached skill level 10 in Shields
 15954 | D:12     | Reached skill level 10 in Stealth
 16393 | D:11     | Bought a potion of berserk rage for 85 gold pieces
 16395 | Lair:1   | Entered Level 1 of the Lair of Beasts
 16472 | Lair:1   | Noticed Harold
 16488 | Lair:1   | Killed Harold
 16536 | Lair:1   | Noticed a four-headed hydra
 16545 | Lair:1   | Killed a four-headed hydra
 16607 | Lair:1   | Reached skill level 8 in Fighting
 16797 | Lair:1   | Noticed a six-headed hydra
 16812 | Lair:1   | Killed a six-headed hydra
 16813 | Lair:1   | Reached XP level 13. HP: 42/88 MP: 13/13
 17036 | Lair:1   | Found the ring of the Mage {Wiz Will++ Int+3}
 17058 | Lair:1   | Learned a level 4 spell: Cause Fear
 17721 | Lair:2   | Found a staircase to the Snake Pit.
 18001 | Lair:2   | Learned a level 3 spell: Dazzling Flash
 18102 | Lair:2   | Reached skill level 1 in Hexes
 18691 | Lair:2   | Identified a scroll of acquirement
 18692 | Lair:2   | Acquired a manual of Fighting
 18723 | Lair:2   | Reached skill level 1 in Spellcasting
 19093 | Lair:3   | Reached skill level 1 in Conjurations
 19097 | Lair:3   | Found a staircase to the Swamp.
 20503 | D:11     | Bought a glowing demon blade for 576 gold pieces
 21789 | Lair:5   | Noticed Rupert
 21803 | Lair:5   | Killed Rupert
 21804 | Lair:5   | Reached skill level 9 in Fighting
 21817 | Lair:5   | Found a frozen archway.
 21839 | IceCv    | Entered an ice cave
 21866 | IceCv    | Reached XP level 14. HP: 85/97 MP: 18/18
 21880 | IceCv    | Found a transporter.
 21911 | IceCv    | Found a transporter.
 22291 | Lair:5   | Noticed Nessos
 22304 | Lair:5   | Killed Nessos
 22461 | Lair:5   | Noticed Urug
 22475 | Lair:5   | Killed Urug
 22938 | Lair:5   | Found a runed translucent door.
 22939 | Lair:5   | Found a viscous altar of Jiyva.
 22939 | Lair:5   | Noticed an acid blob
 22941 | Lair:5   | Found a staircase to the Slime Pits.
 22941 | Lair:5   | Noticed an acid blob
 24082 | D:13     | Identified the ring of Wisdom {+Fly rN+ Int+5}
 24083 | D:13     | Identified the ring of Aghiwois {AC+4 Dex+4}
 24100 | D:13     | Identified the amulet of the Stallion {Acrobat Will+}
 24114 | D:13     | Reached skill level 10 in Fighting
 24116 | D:13     | Identified the ring of the Equinox {+Blink Str+6 SInv}
 24444 | D:13     | Noticed Snorg
 24458 | D:13     | Killed Snorg
 26388 | D:14     | Found a gate to the Vaults.
 26388 | D:14     | Noticed an ironheart preserver
 26393 | D:14     | Reached skill level 5 in Hexes
 26402 | D:14     | Killed an ironheart preserver
 26403 | D:14     | Reached XP level 15. HP: 105/105 MP: 19/19
 27267 | D:15     | Entered Level 15 of the Dungeon
 27274 | D:15     | Found a staircase to the Depths.
 27710 | D:15     | Reached skill level 11 in Fighting
 28618 | Lair:6   | Entered Level 6 of the Lair of Beasts
 29870 | Lair:6   | Reached XP level 16. HP: 93/114 MP: 22/22
 29871 | Lair:6   | Reached skill level 12 in Fighting
 30130 | Lair:6   | Reached skill level 5 in Spellcasting
 30581 | D:11     | Bought the ring "Jacsu" {rF+ MP+9} for 578 gold pieces
 30740 | Orc:1    | Entered Level 1 of the Orcish Mines
 31090 | Orc:1    | Found a roughly hewn altar of Beogh.
 31375 | Orc:2    | Entered Level 2 of the Orcish Mines
 31833 | Orc:2    | Found a staircase to the Elven Halls.
 31904 | Orc:2    | Found Tiurch's Gadget Emporium.
 31904 | Orc:2    | Found Paecan's Assorted Antiques.
 31905 | Orc:2    | Found Rerucelo's Armour Emporium.
 31905 | Orc:2    | Found Minuet's Weapon Boutique.
 32471 | D:11     | Bought the ring of Xociolom {rPois Str+7 Int+6} for 1434
                  | gold pieces
 32587 | Snake:1  | Entered Level 1 of the Snake Pit
 32603 | Snake:1  | Noticed Aizul
 32638 | Snake:1  | Killed Aizul
 32927 | Snake:1  | Reached skill level 13 in Fighting
 33047 | Snake:1  | Reached skill level 15 in Shields
 33075 | Snake:1  | Found Maam's Armour Boutique.
 33095 | Snake:1  | Identified the +2 pair of gloves "Kaugh" {Int+3}
 33095 | Snake:1  | Noticed Nikola
 33122 | Snake:1  | Killed Nikola
 33123 | Snake:1  | Reached skill level 15 in Long Blades
 33123 | Snake:1  | Reached XP level 17. HP: 93/124 MP: 24/24
 33139 | Snake:1  | Reached skill level 14 in Fighting
 33306 | Snake:1  | Found an ornate altar of the Wu Jian Council.
 33355 | Snake:1  | Found a runed translucent gate.
 33355 | Snake:1  | Found a runed translucent gate.
 33355 | Snake:1  | Found a runed translucent gate.
 33870 | Snake:1  | Found Gefepar's Antique Weapon Emporium.
 33870 | Snake:1  | Found Zoveidapp's Gadget Shoppe.
 34143 | Snake:2  | Noticed Kirke
 34422 | Snake:2  | Killed Kirke
 35351 | Snake:2  | Found Ixkaos's Gadget Boutique.
 35352 | Snake:2  | Found Luasatai's Jewellery Shoppe.
 35352 | Snake:2  | Found Fiassot's Jewellery Shoppe.
 36083 | Snake:3  | Reached skill level 15 in Fighting
 36299 | Snake:3  | Reached XP level 18. HP: 73/134 MP: 26/26
 37475 | Snake:2  | Bought a ring of the Octopus King {AC+1 EV+1 Str+1 Int+1
                  | Dex+1 Stlth+} for 666 gold pieces
 37475 | Snake:2  | Found the ring of the Octopus King {AC+1 EV+1 Str+1 Int+1
                  | Dex+1 Stlth+}
 37571 | Swamp:1  | Entered Level 1 of the Swamp
 37944 | Swamp:1  | Reached skill level 5 in Conjurations
 38470 | Swamp:2  | Got a pitted lead amulet
 38488 | Swamp:2  | Identified the amulet "Igaloc" {Will+ Regen+ Str+6} (You
                  | found it on level 2 of the Swamp)
 38508 | Swamp:2  | Learned a level 4 spell: Leda's Liquefaction
 39214 | Swamp:3  | Reached skill level 1 in Earth Magic
 39795 | D:11     | Bought a potion of heal wounds for 75 gold pieces
 39795 | D:11     | Bought a potion of curing for 45 gold pieces
 39795 | D:11     | Bought a potion of curing for 45 gold pieces
 39795 | D:11     | Bought a potion of heal wounds for 75 gold pieces
 39795 | D:11     | Bought a potion of flight for 45 gold pieces
 39795 | D:11     | Bought a potion of might for 60 gold pieces
 40092 | Snake:4  | Entered Level 4 of the Snake Pit
 40760 | Snake:4  | Noticed Vashnia
 40769 | Snake:4  | Reached skill level 10 in Evocations
 40769 | Snake:4  | Reached XP level 19. HP: 51/141 MP: 29/29
 41300 | Snake:4  | Killed Vashnia
 41643 | Snake:4  | Got a serpentine rune of Zot
 41892 | Swamp:4  | Entered Level 4 of the Swamp
 42078 | Swamp:4  | Reached skill level 16 in Fighting
 42367 | Swamp:4  | Reached skill level 10 in Hexes
 42785 | Swamp:4  | Got a decaying rune of Zot
 43334 | D:11     | Bought the ring "Koged" {rF+ Will+ Int+6} for 1249 gold
                  | pieces
 43398 | Elf:1    | Entered Level 1 of the Elven Halls
 43662 | Elf:1    | You fall into a shaft and drop 1 floor!
 43683 | Elf:2    | Found a huge runed translucent gate.
 43686 | Elf:2    | Found a huge runed translucent gate.
 43693 | Elf:2    | Noticed Jorgrun
 43701 | Elf:2    | Killed Jorgrun
 43756 | Elf:2    | Found a huge runed translucent gate.
 43757 | Elf:2    | Found a huge runed translucent gate.
 43758 | Elf:2    | Found a huge runed translucent gate.
 43848 | Elf:2    | Reached XP level 20. HP: 78/149 MP: 31/31
 44707 | Elf:2    | Got a pitted copper ring
 44708 | Elf:2    | Identified the ring "Xugri" {+Inv +Fly rF++ Int+3} (You
                  | found it on level 2 of the Elven Halls)
 45147 | Elf:1    | Found Cunenub's Book Boutique.
 45418 | Elf:1    | Identified the cursed +1 scale mail "Judaschos" {Str+10
                  | Stlth-}
 45431 | Elf:1    | Noticed a Tzitzimitl
 45444 | Elf:1    | Found a runed translucent gate.
 45444 | Elf:1    | Found a runed translucent gate.
 45444 | Elf:1    | Found a runed translucent gate.
 45444 | Elf:1    | Found a runed translucent gate.
 45444 | Elf:1    | Found a runed translucent gate.
 45444 | Elf:1    | Found a runed translucent gate.
 46629 | Vaults:1 | Entered Level 1 of the Vaults
 46691 | Vaults:1 | Reached skill level 17 in Fighting
 47281 | Vaults:1 | Found a transporter.
 47282 | Vaults:1 | Found a shimmering blue altar of Sif Muna.
 47317 | Vaults:1 | Noticed an ancient lich
 47318 | Vaults:1 | Found the +3 salamander hide armour {Flames rF++ rC--}
 47394 | Vaults:1 | Reached XP level 21. HP: 118/156 MP: 33/33
 47478 | Vaults:1 | Killed an ancient lich
 47591 | Vaults:1 | Found a transporter.
 48595 | Vaults:2 | Found a staircase to the Crypt.
 50078 | D:11     | Learned a level 5 spell: Metabolic Englaciation
 50125 | D:14     | Learned a level 3 spell: Inner Flame
 50369 | Vaults:3 | Reached skill level 18 in Fighting
 50472 | Vaults:3 | Reached skill level 1 in Ice Magic
 50511 | Vaults:3 | Reached skill level 1 in Fire Magic
 50586 | Vaults:3 | Reached XP level 22. HP: 159/165 MP: 34/34
 50601 | Vaults:3 | Found a runed translucent gate.
 50630 | Vaults:3 | Found a runed translucent gate.
 51382 | Vaults:3 | Found a runed translucent gate.
 51382 | Vaults:3 | Found an ancient bone altar of Kikubaaqudgha.
 51384 | Vaults:3 | Noticed MyelinatedAxon's ghost (adept DsBr)
 51384 | Vaults:3 | Noticed an ancient lich
 52011 | Vaults:3 | Killed an ancient lich
 52015 | Vaults:3 | Killed MyelinatedAxon's ghost
 52030 | Vaults:3 | Got a wavering pewter ring
 52031 | Vaults:3 | Identified the ring of the Six Saving Deaths {+Fly Int+3}
                  | (You found it on level 3 of the Vaults)
 52037 | Vaults:3 | Identified Kikubaaqudgha's Collected Works on Unholy Magic
 52392 | Vaults:4 | Noticed a golden dragon
 52401 | Vaults:4 | Killed a golden dragon
 52961 | Vaults:4 | Reached XP level 23. HP: 110/172 MP: 22/35
 54261 | Depths:1 | Entered Level 1 of the Depths
 54528 | Depths:1 | Reached skill level 15 in Dodging
 54771 | Depths:1 | Found a gateway to a ziggurat.
 54866 | Depths:1 | Reached skill level 19 in Fighting
 54866 | Depths:1 | Reached skill level 5 in Ice Magic
 54868 | Depths:1 | Reached skill level 5 in Fire Magic
 55211 | Depths:1 | Found a one-way gate to the infinite horrors of the Abyss.
 55289 | Depths:1 | Found a runed translucent gate.
 55289 | Depths:1 | Found a runed translucent gate.
 55289 | Depths:1 | Found a runed translucent gate.
 55290 | Depths:1 | Noticed Dameikh's ghost (veteran FoFi)
 55494 | Depths:1 | Found a gateway to Hell.
 55974 | D:11     | Bought a scroll of fog for 30 gold pieces
 55979 | D:11     | Bought a potion of haste for 170 gold pieces
 55979 | D:11     | Bought a potion of ambrosia for 136 gold pieces
 55979 | D:11     | Bought 2 potions of might for 136 gold pieces
 55979 | D:11     | Bought a potion of curing for 51 gold pieces
 55979 | D:11     | Bought a potion of resistance for 170 gold pieces
 55979 | D:11     | Bought 2 potions of cancellation for 272 gold pieces
 56102 | D:5      | Bought a wand of enslavement (8) for 100 gold pieces
 56102 | D:5      | Bought a wand of paralysis (8) for 100 gold pieces
 56102 | D:5      | Bought a wand of acid (7) for 220 gold pieces
 56286 | Orc:2    | Bought a potion of curing for 81 gold pieces
 56286 | Orc:2    | Bought a scroll of enchant weapon for 202 gold pieces
 56287 | Orc:2    | Bought a wand of iceblast (7) for 154 gold pieces
 56287 | Orc:2    | Bought a wand of iceblast (8) for 168 gold pieces
 56287 | Orc:2    | Bought a wand of paralysis (8) for 140 gold pieces
 56451 | Snake:1  | Bought a wand of enslavement (13) for 225 gold pieces
 56451 | Snake:1  | Bought a wand of enslavement (7) for 135 gold pieces
 56510 | Snake:2  | Bought a wand of acid (7) for 418 gold pieces
 56510 | Snake:2  | Bought a wand of paralysis (5) for 133 gold pieces
 57133 | Depths:2 | Reached skill level 15 in Hexes
 57280 | Depths:2 | Noticed a golden dragon
 57292 | Depths:2 | Reached skill level 15 in Evocations
 57304 | Depths:2 | Killed a golden dragon
 57451 | Depths:2 | Found the +12 glaive of Prune {vorpal}
 57870 | Depths:2 | Reached XP level 24. HP: 181/181 MP: 36/36
 58562 | Depths:3 | Found a one-way gate leading to the halls of Pandemonium.
 58604 | Depths:3 | Learned a level 8 spell: Discord
 59188 | Depths:3 | Found a runed translucent door.
 59229 | Depths:3 | Slain by a titan

Illustrated notes

Levels and vault maps discovered:
D:1:      dpeg_arrival_snail, layout_basic, minivault_26
D:2:      layout_loops_corners, grunt_temple_overflow_forces_of_nature,
          nicolae_overflow_hidden_temple, uniq_terence
D:3:      layout_basic, lemuel_blue_sif_altar, overflow_temple_1_default
D:4:      layout_rooms, nicolae_temple_entry_ecumenical, enter_ossuary_2,
          uniq_menkaure
D:5:      layout_cave_pools, grunt_dithmenos_shadows, serial_shops,
          kennysheep_little_box, basic_altar, uniq_crazy_yiuf_cottage
D:6:      layout_basic
D:7:      layout_cave_pools, slow_altar_1, okawaru_gym_becter,
          nicolae_gozag_seed_capital
D:8:      layout_rooms, lemuel_crystal_altar
D:9:      gammafunk_the_bubble [the_bubble_gammafunk_crates], layout_long_grid,
          special_room [special_room_orc], serial_undead, serial_undead_a,
          serial_undead_a, serial_undead_a, serial_undead_c, uniq_gastronok
D:10:     layout_stronghold, dk_noncrumbling_3, uniq_joseph
D:11:     layout_cave_pools, erik_lair_orcish_takeover, guppyfry_shop_venom
D:12:     layout_gridville, david_orc_5, serial_shops, shop_fountains
D:13:     minmay_the_grid_triangle_9x9_rhombus_full
          [minmay_the_grid_triangle_9x9_semitri,
          minmay_the_grid_triangle_9x9_impossible_snake,
          minmay_the_grid_triangle_9x9_longest,
          minmay_the_grid_triangle_9x9_stretched_checkered,
          minmay_the_grid_triangle_9x9_flanged_cone,
          minmay_the_grid_triangle_9x9_sparse_checkered,
          minmay_the_grid_triangle_9x9_zippers_vertical,
          minmay_the_grid_triangle_9x9_prize_special], layout_cave_pods,
          uniq_snorg
D:14:     layout_irregular_city, skrybe_vaults_entry_preservation,
          minmay_liquid_box, drop_trap
D:15:     grunt_enter_depths_hoard, layout_irregular_city
Temple:   minmay_temple_curvy_loop
Lair:1:   beast_lair_carwin_large_1, layout_gridlike, st_stairs_7, uniq_harold
Lair:2:   layout_hall_layers, guppyfry_snake_entry_island, special_room
          [special_room_bee]
Lair:3:   layout_regular_city, swamp_mist, fungi_pond_lemuel,
          serial_bayou_crossing, grunt_megastairs_1, lemuel_fruit_tree,
          infiniplex_staircase_pool_2
Lair:4:   layout_regular_city
Lair:5:   layout_gridlike, slime_altar_2, portal_ice_cave_rime,
          serial_bayou_shore_b, uniq_rupert, uniq_urug, uniq_nessos
Lair:6:   evilmike_catoblepas_cave, layout_long_grid
Swamp:1:  layout_basic_swamp, nicolae_swamp_triple_paths, swamp_pool3,
          infiniplex_staircase_pool
Swamp:2:  layout_basic_swamp, serial_swamp_ruin, evilmike_swamp_ruin_house_1,
          evilmike_swamp_ruin_rubble_1, swamp_pool2,
          nicolae_swamp_oklob_treasure_island
Swamp:3:  layout_falls_marsh, hangedman_swamp_cone, swamp_pool3
Swamp:4:  swamp, layout_basic_swamp, swamp_pool3
Snake:1:  layout_rooms, serial_shops, shop, basic_altar, grunt_ministairs_12,
          nicolae_snake_horde_hoard, minmay_shoptagon, uniq_aizul, uniq_nikola
Snake:2:  layout_onion_interference, minmay_shop_grove, uniq_kirke
Snake:3:  layout_basic, grunt_megastairs_2
Snake:4:  johnstein_snake_rune_scales, layout_misc_corridors
Orc:1:    layout_caves, basic_altar, guppyfry_library_mini
Orc:2:    st_orc_ogre_mass, layout_diamond_mine
Elf:1:    elf_arrival_002, layout_loops_corners, serial_shops, shop, orc_legates
Elf:2:    layout_geoelf_diagonals, minmay_checkered_concentric_circles,
          uniq_jorgrun
Vaults:1: v_alt_pattern_2, gammafunk_sealed_library, v_alt_pattern_2,
          grunt_vaults_funnel, nicolae_vaults_network_square,
          nicolae_vaults_border_crossing, hangedman_vaults_stream, v_misc_15,
          hangedman_vaults_impose, ontoclasm_vaults_twist, layout_vaults_omnibox
Vaults:2: minmay_crypt_entry_simple_round, special_room_vaults
          [special_room_orc], v_misc_12, ontoclasm_vaults_misaligned, v_misc_3,
          v_misc_1, v_misc_25, v_misc_3, nicolae_vaults_little_squares_6,
          nicolae_vaults_shelves_hall, layout_vaults_omnigrid
Vaults:3: gammafunk_vaults_ghost_crypt, v_misc_30, vaults_room_grid,
          hangedman_vaults_restitches, nicolae_vaults_network_star, v_misc_4,
          ontoclasm_vaults_misaligned, grunt_vaults_trifunnel,
          nicolae_vaults_diagonal_hallway_6, ontoclasm_vaults_idyll,
          vaults_dpeg_encased_lava, grunt_vaults_swirl,
          nicolae_vaults_statue_guard, ontoclasm_vaults_pinch,
          nicolae_vaults_rhombus_7, ontoclasm_vaults_misaligned,
          layout_vaults_maze
Vaults:4: nicolae_vaults_big_angled_halls, grunt_vaults_hallway_long,
          ontoclasm_vaults_eye, v_rooms_6, nicolae_vaults_theta,
          ontoclasm_vaults_ring_small, vaults_room_pools,
          hangedman_vaults_cutoff, vaults_room_boxed, nicolae_vaults_what_the_h,
          nicolae_vaults_mini_display_case, grunt_vaults_diagonal,
          ontoclasm_vaults_hangar, vaults_dpeg_hooks, ontoclasm_vaults_gallery,
          layout_vaults_ring
Depths:1: layout_roguey, enter_ziggurat_f, biasface_ghost_demon_polymorph,
          serial_sigils_hangedman_writhe, hellmouth_1, abyss_entry,
          kennysheep_decorative_pillar, lemuel_flamethrower_hall
Depths:2: cheibrodos_leafed_vault, layout_gridlike, minmay_misc_feat_pillars,
          pf_hell_entry_tar_river, hangedman_abyss_entry_splay,
          amcnicky_mini_rare_corridor_liquid, infiniplex_staircase_zigzag_3
Depths:3: minmay_expanding_circles, layout_gridlike, hell_entry, pan_entry,
          wad_floor_pattern_1, chequers_serial_rivers_room_b

Skill      XL: |  1  2  3  4  5  6  7  8  9 10 11 12 13 14 15 16 17 18 19 20 21 22 23 |
---------------+----------------------------------------------------------------------+-----
Stealth        | 1 2 3 4 6 7 9 10 11 12 | 12.0
Long Blades    | 3 4 7 8 9 10 11 12 13 15 16 17 | 17.9
Dodging        | 4 6 8 9 10 11 12 13 14 15 | 15.0
Shields        | 4 6 8 9 10 11 12 13 15 16 17 | 17.3
Fighting       | 4 5 6 7 8 9 10 11 13 15 16 17 18 19 | 19.8
Throwing       | 1 2 |  2.0
Evocations     | 3 4 6 7 8 10 11 12 14 15 | 15.9
Hexes          | 3 5 7 8 9 10 12 13 14 15 | 15.0
Spellcasting   | 2 3 4 5 7 8 9 |  9.5
Conjurations   | 2 3 4 5 |  5.0
Earth Magic    | 2 4 |  4.0
Ice Magic      | 1 4 5 |  5.0
Fire Magic     | 1 4 5 |  5.0

Action                   |  1- 3 |  4- 6 |  7- 9 | 10-12 | 13-15 | 16-18 | 19-21 | 22-24 || total
-------------------------+-------+-------+-------+-------+-------+-------+-------+-------++-------
Melee: Long sword        |    45 |    89 |   234 |   555 |   188 |       |       |       ||  1111
       Constrict         |    17 |    30 |    61 |   104 |   134 |   143 |   180 |    92 ||   761
       Tentacles         |    10 |    24 |    53 |   173 |   357 |   465 |   474 |   383 ||  1939
       Falchion          |       |    13 |    16 |       |       |       |       |       ||    29
       Dagger            |       |       |       |    60 |    44 |    27 |   113 |       ||   244
       Demon blade       |       |       |       |       |   749 |  1198 |   986 |   830 ||  3763
Throw: Dart              |       |       |     2 |    33 |    15 |     6 |    12 |    20 ||    88
 Cast: Dazzling Flash    |       |       |       |       |     3 |    36 |    27 |    17 ||    83
       Cause Fear        |       |       |       |       |       |     1 |     2 |       ||     3
       Inner Flame       |       |       |       |       |       |       |     7 |    24 ||    31
Invok: Call Merchant     |       |       |     1 |     2 |     2 |     2 |     2 |     1 ||    10
 Abil: Evoke Berserk Rag |       |       |       |     3 |     5 |     1 |     3 |       ||    12
       Evoke Blink       |       |       |       |       |       |       |     1 |       ||     1
       Stop Flying       |       |       |       |       |       |       |       |     2 ||     2
       Evoke Flight      |       |       |       |       |       |       |       |     2 ||     2
Evoke: Wand              |       |       |       |     6 |    15 |       |    13 |     6 ||    40
       Condenser vane    |       |       |       |       |       |       |     1 |       ||     1
  Use: Scroll            |     4 |     7 |    13 |    13 |     9 |     5 |     3 |     6 ||    60
       Potion            |       |     2 |     5 |     4 |     2 |       |       |     1 ||    14
 Stab: Sleeping          |     4 |    11 |    15 |    15 |    28 |    19 |    20 |    21 ||   133
       Distracted        |       |     1 |     2 |     2 |     8 |    27 |    17 |    13 ||    70
       Invisible         |       |       |     5 |     6 |     4 |    44 |    31 |    23 ||   113
       Paralysed         |       |       |       |       |     2 |       |     1 |       ||     3
       Confused          |       |       |       |       |       |       |     2 |       ||     2
Armor: Skin              |     4 |     7 |    15 |    57 |    48 |    50 |    62 |    54 ||   297
Dodge: Dodged            |    16 |    41 |   102 |   270 |   414 |   339 |   417 |   386 ||  1985
Block: Kite shield       |    12 |    46 |   106 |   356 |   781 |   891 |   703 |   562 ||  3457
       Reflection        |       |       |       |     1 |     7 |    67 |       |       ||    75
       Rpst.: Long sword |     6 |     9 |    34 |    70 |    36 |       |       |       ||   155
       Falchion          |       |     1 |     2 |       |       |       |       |       ||     3
       Demon blade       |       |       |       |       |    68 |    58 |    66 |    65 ||   257
